 Dungeon Crawl Stone Soup version 0.23.2 (webtiles) character file.

Game seed: 15647114065594025003

5863 Kairos the Cruncher (level 10, -1/83 HPs)
             Began as a Demigod Skald on Apr 10, 2019.
             Slain by an eight-headed hydra (7 damage)
             ... on level 9 of the Dungeon on Apr 11, 2019.
             The game lasted 00:24:44 (8825 turns).

Kairos the Cruncher (Demigod Skald)                 Turns: 8825, Time: 00:24:45

Health: -1/83      AC:  8    Str: 22    XL:     10   Next: 27%
Magic:  14/24      EV: 14    Int: 23    God:
Gold:   522        SH:  0    Dex: 15    Spells: 5/15 levels left

rFire    . . .     SeeInvis .   x - +6 Majin-Bo {vamp, Archmagi MP+6 Int+6}
rCold    . . .     Gourm    .   (shield currently unavailable)
rNeg     . . .     Faith    .   z - +2 robe {MR+}
rPois    .         Spirit   .   k - +0 helmet
rElec    .         Reflect  .   r - +0 cloak
rCorr    .         Harm     .   f - +0 pair of gloves
MR       ++...                  (no boots)
Stlth    ++++......             D - amulet of the acrobat
HPRegen  1.23/turn              l - ring of stealth
MPRegen  0.19/turn              n - +2 ring of strength

@: about to teleport, regenerating (expiring)
A: high mp 1
a: no special abilities


You were on level 9 of the Dungeon.
You were near starving.

You visited 1 branch of the dungeon, and saw 9 of its levels.

You collected 522 gold pieces.

Inventory:

Hand Weapons
 a - a +2 spear
 x - the +6 Majin-Bo (weapon) {vamp, Archmagi MP+6 Int+6}
   (You found it on level 4 of the Dungeon)

   It inflicts no extra harm, but heals its wielder when it wounds a living foe.
   It affects your intelligence (+6).
   It affects your magic capacity (+6).
 A - a +2 quarterstaff of chaos
 B - the cursed +3 morningstar of the Warrior-Mage {drain, rN+ MR+++, unknown}
   (You found it on level 7 of the Dungeon)

   A truly terrible weapon, it drains the life of those it strikes.
   It protects you from negative energy.
   It affects your resistance to hostile enchantments.
   It has a curse placed upon it.
Missiles
 e - 19 tomahawks (quivered)
 i - 4 steel javelins
 N - 112 arrows
 P - 2 poisoned tomahawks
Armour
 f - a +0 pair of gloves (worn)
 k - a +0 helmet (worn)
 r - a +0 cloak (worn)
 z - a +2 robe of magic resistance (worn)
Magical Staves
 p - an uncursed staff of power {unknown}
Jewellery
 l - a ring of stealth (left hand)
 n - a +2 ring of strength (right hand)
 v - an uncursed ring of see invisible
 w - an uncursed ring of protection from magic
 D - an amulet of the acrobat (around neck)
 E - an uncursed ring of protection from fire
 O - an uncursed ring of wizardry {unknown}
 Q - an uncursed ring of protection from fire
Wands
 K - a wand of scattershot (9)
 R - a wand of paralysis (10)
Scrolls
 h - 2 scrolls of remove curse
 j - a scroll of amnesia
 q - 2 scrolls of magic mapping
 u - a scroll of immolation
 y - a scroll of enchant armour
 G - 2 scrolls of identify
 J - a scroll of fog {unknown}
 M - a scroll of brand weapon {unknown}
Potions
 b - a potion of flight
 c - 2 potions of brilliance
 g - a potion of experience
 m - 2 potions of might {unknown}
 o - a potion of haste {unknown}
 s - 2 potions of agility {unknown}
 t - 4 potions of magic
 C - a potion of resistance {unknown}
 F - a potion of lignification
 I - a potion of degeneration {unknown}
 L - a potion of curing
Comestibles
 d - 11 rations


   Skills:
 + Level 5.9 Fighting
 + Level 4.5(7.3) Polearms
 + Level 9.0(9.4) Staves
 + Level 4.4 Armour
 + Level 4.0 Dodging
 + Level 4.2 Stealth
 + Level 3.4 Spellcasting
 + Level 2.2 Hexes
 + Level 4.2 Charms
 + Level 0.6 Necromancy
 + Level 0.2 Translocations
 + Level 0.5 Transmutations


You had 5 spell levels left.
You knew the following spells:

 Your Spells              Type           Power        Failure   Level  Hunger
a - Infusion              Chrm           ####         1%          1    None
b - Shroud of Golubria    Chrm/Tloc      ###.......   7%          2    ##.....
c - Regeneration          Chrm/Necr      ###.......   12%         3    ###....
d - Spectral Weapon       Hex/Chrm       ####....     9%          3    ###....
e - Beastly Appendage     Tmut           #.....       9%          1    None

Your spell library contained the following spells:

 Spells                   Type           Power        Failure   Level  Hunger
 Song of Slaying          Chrm           #####...     3%          2    ##.....
 Sticks to Snakes         Tmut           #.......     13%         2    ##.....
 Spider Form              Tmut/Pois      #.........   30%         3    ###....
 Ice Form                 Ice/Tmut       #.......     69%         4    ####...
 Blade Hands              Tmut           #.........   94%         5    ######.


Dungeon Overview and Level Annotations

Branches:
Dungeon (9/15)             Temple (0/1) D:4             Orc (0/2) D:9
   Lair: D:8-11

Shops:
D:7 :


Innate Abilities, Weirdness & Mutations

You have an increased reservoir of magic. (+10% MP)


Message History

You feel a surge of power!
You draw out your weapon's spirit!
* * * LOW HITPOINT WARNING * * *
You are near starving!
The eight-headed hydra bites you!
* * * LOW HITPOINT WARNING * * *
The eight-headed hydra closely misses you. x2
The eight-headed hydra bites you.
* * * LOW HITPOINT WARNING * * *
The eight-headed hydra closely misses you.
The eight-headed hydra barely misses you. x2
The eight-headed hydra bites you.
* * * LOW HITPOINT WARNING * * *
Okay, then.
Sorry, you're not good enough to have a special ability.
As you read the scroll labeled LUALLUERPHUE, it crumbles to dust.
You feel strangely unstable.
It was a scroll of teleportation.
The eight-headed hydra barely misses you.
The eight-headed hydra closely misses you.
The eight-headed hydra bites you!
You die...

###.......#............
.#############.####^### .#
#.###.#..#### .#
#.##.###..... .#
#.#.##.##.## .# ########
#..##...##.## .#
#......###.##..#..##.#
.####......##.##(D###..##.
.............##.@##|##..##
#####)[.....##..##..)##..#
......[....##..##...##..##
#######)..##..##..#8#..##.
#......##..##...##..
#######.....##..##)..##..##.
....[))......##..##=##..##.#
########...##.##..###..##.#
......>........##..#..##.#


You could see an eight-headed hydra and a friendly spectral +6 Majin-Bo {vamp,
Archmagi MP+6 Int+6}.

Vanquished Creatures
  Pikel (D:5)
  Grinder (D:5)
  2 hippogriffs
  A shadow (D:9)
  A wraith (D:9)
  A spriggan (D:7)
  4 yaks (D:9)
  A water moccasin (D:9)
  Duvessa (D:5)
  A hornet zombie (D:7)
  4 slaves
  2 black bears (D:6)
  2 orc warriors (D:9)
  A sky beast (D:5)
  3 ice beasts
  A phantom (D:9)
  3 ogres
  A wyvern zombie (D:9)
  6 bullfrogs
  3 scorpions
  Dowan (D:5)
  10 killer bees
  2 howler monkeys (D:5)
  2 crimson imps
  A centaur zombie (D:9)
  A quasit (D:7)
  4 orc priests
  3 hounds
  Crazy Yiuf (D:5)
  A jelly (D:7)
  Jessica (D:2)
  4 iguanas
  13 orc wizards
  5 worker ants
  A killer bee zombie (D:6)
  A hound skeleton (D:4)
  Robin (D:2)
  A worker ant zombie (D:9)
  6 adders
  A howler monkey skeleton (D:6)
  A shadow imp (D:7)
  2 oozes
  2 adder skeletons (D:2)
  2 adder zombies
  2 dart slugs
  3 leopard geckos
  32 orcs
  A ball python (D:4)
  A bat zombie (D:2)
  4 giant cockroaches
  16 goblins
  15 hobgoblins
  9 jackals
  7 kobolds
  5 quokkas
  A bat (D:1)
  2 frilled lizards (D:2)
  A leopard gecko skeleton (D:2)
  A quokka zombie (D:6)
  6 rats
213 creatures vanquished.

Vanquished Creatures (others)
  3 spectral weapons
3 creatures vanquished.

Grand Total: 216 creatures vanquished

Notes
Turn   | Place    | Note
-------+----------+-------------------------------------------
     0 | D:1      | Kairos the Demigod Skald began the quest for the Orb.
     0 | D:1      | Reached XP level 1. HP: 17/17 MP: 5/5
   457 | D:1      | Reached XP level 2. HP: 22/24 MP: 7/7
   572 | D:1      | Reached skill level 1 in Armour
  1033 | D:2      | Found a blossoming altar of Fedhas.
  1061 | D:2      | Reached XP level 3. HP: 29/29 MP: 8/8
  1140 | D:2      | Noticed Robin
  1174 | D:2      | Killed Robin
  1515 | D:2      | Noticed Jessica
  1576 | D:2      | Killed Jessica
  1576 | D:2      | Reached XP level 4. HP: 28/36 MP: 9/9
  2345 | D:3      | Reached XP level 5. HP: 26/42 MP: 10/10
  3107 | D:4      | Found a shimmering altar of Xom.
  3373 | D:4      | Found the +6 Majin-Bo {vamp, Archmagi MP+6 Int+6}
  3447 | D:4      | Found a staircase to the Ecumenical Temple.
  3915 | D:5      | Entered Level 5 of the Dungeon
  3922 | D:5      | Reached XP level 6. HP: 49/50 MP: 11/11
  3973 | D:5      | Noticed Dowan
  3975 | D:5      | Reached skill level 1 in Staves
  4002 | D:5      | Killed Dowan
  4006 | D:5      | Reached XP level 7. HP: 49/56 MP: 12/12
  4011 | D:5      | Learned a level 2 spell: Shroud of Golubria
  4026 | D:5      | Reached skill level 2 in Staves
  4035 | D:5      | Noticed Pikel
  4231 | D:2      | Learned a level 3 spell: Regeneration
  4235 | D:2      | Learned a level 3 spell: Spectral Weapon
  4412 | D:5      | Noticed Grinder
  4431 | D:5      | Killed Grinder
  4431 | D:5      | Reached skill level 3 in Staves
  4468 | D:5      | Found a runed translucent door.
  4469 | D:5      | Noticed Crazy Yiuf
  4694 | D:5      | Noticed Duvessa
  4706 | D:5      | Killed Duvessa
  4706 | D:5      | Reached skill level 1 in Stealth
  4833 | D:5      | Killed Pikel
  4833 | D:5      | Reached skill level 5 in Staves
  4833 | D:5      | Reached XP level 8. HP: 65/66 MP: 14/14
  5067 | D:5      | Killed Crazy Yiuf
  5277 | D:6      | Reached skill level 1 in Hexes
  5364 | D:6      | Found an iron altar of Okawaru.
  5400 | D:6      | Reached skill level 6 in Staves
  5643 | D:7      | Reached XP level 9. HP: 59/72 MP: 16/16
  5793 | D:7      | Found Udoidef's Book Boutique.
  5812 | D:7      | Reached skill level 7 in Staves
  5881 | D:7      | Got a pitted morningstar
  6146 | D:8      | Found an opulent altar of Gozag.
  6316 | D:8      | Found a white marble altar of Elyvilon.
  6319 | D:8      | Found a snail-covered altar of Cheibriados.
  6322 | D:8      | Found an opulent altar of Gozag.
  6325 | D:8      | Found a burning altar of Makhleb.
  6555 | D:8      | Reached skill level 5 in Fighting
  6782 | D:8      | Learned a level 1 spell: Beastly Appendage
  7472 | D:9      | Reached skill level 8 in Staves
  7655 | D:9      | Reached XP level 10. HP: 45/83 MP: 18/18
  7907 | D:9      | Found a staircase to the Orcish Mines.
  8054 | D:9      | Found a shadowy altar of Dithmenos.
  8812 | D:9      | Noticed an eight-headed hydra
  8821 | D:9      | Reached skill level 9 in Staves
  8825 | D:9      | Slain by an eight-headed hydra

Skill      XL: |  1  2  3  4  5  6  7  8  9 10 |
---------------+-------------------------------+-----
Polearms       | 2 3 4 |  4.5
Charms         | 3 4 |  4.2
Armour         | 1 2 3 4 |  4.4
Dodging        | 2 3 4 |  4.0
Fighting       | 2 3 4 5 |  5.9
Staves         | 1 5 6 8 9 |  9.0
Spellcasting   | 2 3 |  3.4
Stealth        | 1 2 3 4 |  4.2
Hexes          | 1 2 |  2.2
Necromancy     | |  0.6
Translocations | |  0.2
Transmutations | |  0.5

Action                   |  1- 3 |  4- 6 |  7- 9 | 10-12 || total
-------------------------+-------+-------+-------+-------++-------
Melee: Spear             |   194 |   201 |       |       ||   395
       Quarterstaff      |       |    47 |   301 |    75 ||   423
       Kick              |       |       |       |     1 ||     1
 Cast: Spectral Weapon   |       |       |    11 |    11 ||    22
       Regeneration      |       |       |     5 |     3 ||     8
       Shroud of Golubri |       |       |     1 |     2 ||     3
       Beastly Appendage |       |       |       |     1 ||     1
  Use: Scroll            |     6 |       |     7 |     1 ||    14
       Potion            |     1 |       |     2 |       ||     3
 Stab: Sleeping          |       |       |     9 |     1 ||    10
       Distracted        |       |       |     1 |       ||     1
  Eat: Ration            |     1 |     2 |     2 |       ||     5
       Chunk             |       |     6 |     9 |       ||    15
Armor: Leather armour    |    31 |       |       |       ||    31
       Chain mail        |    43 |   114 |    29 |       ||   186
       Skin              |       |       |    11 |       ||    11
       Robe              |       |       |    70 |    10 ||    80
Dodge: Dodged            |   101 |    86 |   190 |    57 ||   434
